 Dungeon Crawl Stone Soup version 0.18.1-8-gdd0e5ea (webtiles) character file.

53 MirrMurr the Sneak (level 3, -1/24 HPs)
             Began as a Spriggan Enchanter on May 27, 2016.
             Killed from afar by Natasha (6 damage)
             ... with a magic dart
             ... on level 2 of the Dungeon.
             The game lasted 00:02:45 (1187 turns).

MirrMurr the Sneak (Spriggan Enchanter)             Turns: 1187, Time: 00:02:46

Health: -1/24      AC: 21    Str:  4    XL:     3   Next: 62%
Magic:  8/8        EV:  4    Int: 17    God:
Gold:   52         SH:  0    Dex: 16    Spells: 3 memorised, 2 levels left

rFire  + . .     SeeInvis +     a - +1 dagger
rCold  + . .     Gourm    .     (armour currently unavailable)
rNeg   + + +     Faith    .     (shield restricted)
rPois  +         Spirit   .     (helmet currently unavailable)
rElec  +         Dismiss  .     (cloak currently unavailable)
rCorr  +         Reflect  .     (gloves unavailable)
SustAt .         Harm     .     (boots unavailable)
MR     .....     NoTele   +     (no amulet)
Stlth  +++++.....               (no ring)
                                (no ring)

@: tree-form (expiring), resistant, very slightly contaminated, not resistant to
hostile enchantments, quite stealthy
A: unfitting armour, see invisible, herbivore 3, (speed 0), slow metabolism 2
a: no special abilities


You were on level 2 of the Dungeon.
You were not hungry.
You were a tree.
You visited 1 branch of the dungeon, and saw 2 of its levels.

You collected 52 gold pieces.

Inventory:

Hand Weapons
 a - a +1 dagger (weapon)
Armour
 b - a +1 robe (melded)
Scrolls
 e - a scroll of fog
Potions
 g - a potion of curing {unknown}
Books
 c - a book of Maledictions

   Spells                             Type                      Level
   a - Corona                         Hexes                        1
   b - Ensorcelled Hibernation        Hexes/Ice                    2
   c - Confuse                        Hexes                        3
   d - Tukima's Dance                 Hexes                        3
   e - Dazzling Spray                 Conjuration/Hexes            3
Comestibles
 d - 2 bread rations


   Skills:
 - Level 1.1 Short Blades
 - Level 3.0 Dodging
 * Level 6.9 Stealth
 + Level 3.0 Spellcasting
 - Level 3.6 Hexes


You had 2 spell levels left.
You knew the following spells:

 Your Spells              Type           Power        Failure   Level  Hunger
a - Ensorcelled Hibernat  Hex/Ice        #.....       14%         2    ##.....
b - Confuse               Hex            ##......     14%         3    ###....
c - Corona                Hex            ##.....      4%          1    None


Dungeon Overview and Level Annotations

Branches:
Dungeon (2/15)

Altars:

Annotations:
D:2 Natasha


Innate Abilities, Weirdness & Mutations

You are tiny and cannot use many weapons and most armour.
You have supernaturally acute eyesight.
You are a herbivore.
((You cover ground extremely quickly.))
You need consume almost no food.


Message History

Your transformation is almost over.
Natasha barely misses you. The white imp gestures at you.
Helpless, you fail to dodge the puff of frost.
* * * LOW HITPOINT WARNING * * *
Drink which item? (? for menu, Esc to quit)
You feel protected. Natasha claws you.
* * * LOW HITPOINT WARNING * * *
The white imp gestures at you.
Helpless, you fail to dodge the puff of frost.
You hit Natasha but do no damage.
Natasha is heavily wounded.
Natasha claws you but does no damage.
The white imp hits you but does no damage.
You miss Natasha.
Natasha is heavily wounded.
Natasha stares at you and mumbles some strange words.
The magic dart hits you!
You die...

..# g. ##.#####
#......# #......#
#..<.).#
..#......#########
......h...##......#
....#......##♣.....#
>.. #......##h5....#
.. #..............#
. ................#
.####.##.##......#
#. #<##.....?# #.
#.##......#
..##......#
#.##......#


You could see Natasha and a white imp.

Vanquished Creatures
  Natasha (D:2)
  A dart slug (D:1)
  A giant gecko (D:1)
  A ball python (D:1)
  3 goblins (D:1)
  2 hobgoblins (D:1)
  4 kobolds (D:1)
  6 bats (D:1)
  2 giant newts (D:1)
  6 rats (D:1)
27 creatures vanquished.

Notes
Turn   | Place    | Note
--------------------------------------------------------------
     0 | D:1      | MirrMurr the Spriggan Enchanter began the quest for the Orb.
     0 | D:1      | Reached XP level 1. HP: 9/9 MP: 5/5
   384 | D:1      | Reached skill level 5 in Stealth
   533 | D:1      | Reached XP level 2. HP: 13/13 MP: 6/6
   547 | D:1      | Learned a level 2 spell: Ensorcelled Hibernation
   635 | D:1      | Reached skill level 6 in Stealth
   949 | D:1      | Reached XP level 3. HP: 16/16 MP: 8/8
   954 | D:1      | Learned a level 3 spell: Confuse
  1007 | D:2      | Noticed Natasha
  1015 | D:2      | Killed Natasha
  1160 | D:2      | Noticed Natasha
  1187 | D:2      | Killed from afar by Natasha

Skill      XL: |  1  2  3 |
---------------+----------+-----
Stealth        | 5 6 |  6.9
Spellcasting   | 3 |  3.0
Short Blades   | |  1.1
Dodging        | |  3.0
Hexes          | |  3.6

Action                   || total
-------------------------++-------
Melee: Dagger            ||   101
 Cast: Ensorcelled Hiber ||     2
  Use: Scroll            ||     5
       Potion            ||     1
 Stab: Sleeping          ||    15
       Distracted        ||     2
Armor: Robe              ||    16
       Skin              ||    14
Dodge: Dodged            ||    78
